 Dungeon Crawl Stone Soup version 0.18-b1-16-g289874d (webtiles) character file.

235 Shotgun the Skirmisher (level 5, 0/47 HPs)
             Began as a Draconian Fighter on May 1, 2016.
             Slain by a kobold
             ... wielding a +0 club
              (2 damage)
             ... on level 3 of the Dungeon.
             The game lasted 00:05:09 (2708 turns).

Shotgun the Skirmisher (Draconian Fighter)          Turns: 2708, Time: 00:05:10

Health: 0/47       AC:  6    Str: 19    XL:     5   Next: 76%
Magic:  7/7        EV: 11    Int:  9    God:
Gold:   123        SH:  9    Dex: 10    Spells: 0 memorised, 7 levels left

rFire  + . .     SeeInvis .     a - +0 long sword
rCold  . . .     Gourm    .     (armour unavailable)
rNeg   . . .     Faith    .     b - +0 shield
rPois  .         Spirit   .     (helmet restricted)
rElec  .         Dismiss  .     l - +0 cloak
rCorr  .         Reflect  .     (no gloves)
SustAt .         Harm     .     (no boots)
MR     .....                    (no amulet)
Stlth  +.........               (no ring)
                                u - ring of protection from fire

@: slowed, very slow, not resistant to hostile enchantments, very unstealthy
A: unfitting armour, cold-blooded, AC +5
a: no special abilities


You were on level 3 of the Dungeon.
You were not hungry.

You visited 1 branch of the dungeon, and saw 3 of its levels.
You also visited: Sewer.

You collected 123 gold pieces.

Inventory:

Hand Weapons
 a - a +0 long sword (weapon)
Armour
 b - a +0 shield (worn)
 l - a +0 cloak (worn)
 m - a +0 cloak
Jewellery
 u - a ring of protection from fire (left hand)
Scrolls
 e - a scroll of remove curse {unknown}
 i - a scroll of magic mapping {unknown}
 j - a scroll of enchant armour {unknown}
 n - a scroll of teleportation {unknown}
 o - 2 scrolls of identify {unknown}
 p - 2 scrolls of blinking {unknown}
 q - a scroll of enchant weapon {unknown}
Potions
 c - 2 potions of might
 f - 2 potions of curing {unknown}
 g - a potion of cancellation {unknown}
 h - 2 potions of agility {unknown}
 r - a potion of resistance {unknown}
 s - a potion of ambrosia {unknown}
 t - a potion of lignification {unknown}
 v - 2 potions of flight {unknown}
 w - 2 potions of heal wounds {unknown}
Comestibles
 d - a bread ration
 k - 3 meat rations


   Skills:
 * Level 4.6 Fighting
 + Level 2.8 Long Blades
 + Level 3.8 Dodging
 + Level 3.9 Shields
 + Level 1.5 Spellcasting


You had 7 spell levels left.
You didn't know any spells.

Dungeon Overview and Level Annotations

Branches:
Dungeon (3/15)

Altars:
Vehumet

Annotations:
D:3 Natasha


Innate Abilities, Weirdness & Mutations

Your plain brown scales are hard (AC +5).
Your body does not fit into most forms of armour.
You are cold-blooded and may be slowed by cold attacks.


Message History

The kobold barely misses you.
The crimson imp laughs crazily.
Natasha claws you.
* * * LOW HITPOINT WARNING * * *
You block the rat's attack.
You barely miss Natasha. The kobold hits you with a club.
* * * LOW HITPOINT WARNING * * *
You block Natasha's attack. The rat bites you but does no damage.
The kobold barely misses you.
Natasha stares at you and mumbles some strange words.
The magic dart hits you!
* * * LOW HITPOINT WARNING * * *
Your shield prevents you from hitting Natasha.
You block the rat's attack. The kobold closely misses you.
Natasha barely misses you. The rat bites you but does no damage.
You block the kobold's attack. Natasha claws you.
* * * LOW HITPOINT WARNING * * *
The rat bites you but does no damage.
You barely miss Natasha. The kobold hits you with a club.
You die...

#...!....K
#.........
#.........
#.........
#.?.......
#.........
#5....[...
#######Kr.......
#.....%@h......#
#..............#
#..............#
#..............#
#..............#
#..............#
#..............#
#..............#
#..............#


You could see Natasha, a crimson imp, a kobold and a rat.

Vanquished Creatures
  A big kobold (Sewer)
  Natasha (twice) (D:3)
  3 adders (D:2)
  A river rat (Sewer)
  A shadow imp (D:2)
  An ooze (D:3)
  An adder skeleton (D:3)
  2 worms (D:2)
  2 dart slugs (D:2)
  A giant gecko (D:2)
  An orc (D:3)
  2 bats
  A giant cockroach (D:3)
  7 goblins
  6 hobgoblins
  A jackal (Sewer)
  5 kobolds
  5 quokkas
  2 ball pythons (D:2)
  2 giant newts
  11 rats
58 creatures vanquished.

Notes
Turn   | Place    | Note
--------------------------------------------------------------
     0 | D:1      | Shotgun the Draconian Fighter began the quest for the Orb.
     0 | D:1      | Reached XP level 1. HP: 19/19 MP: 1/1
   590 | D:1      | Reached XP level 2. HP: 25/26 MP: 2/2
   803 | D:2      | Reached XP level 3. HP: 10/31 MP: 3/3
  1160 | D:2      | Found a radiant altar of Vehumet.
  1363 | D:2      | Reached XP level 4. HP: 36/40 MP: 5/5
  2063 | D:3      | Found a glowing drain.
  2067 | Sewer    | Entered a sewer
  2143 | Sewer    | Noticed a big kobold
  2177 | Sewer    | Killed a big kobold
  2177 | Sewer    | Reached skill level 4 in Fighting
  2177 | Sewer    | Reached skill level 1 in Spellcasting
  2177 | Sewer    | Reached XP level 5. HP: 8/47 MP: 6/6
  2337 | Sewer    | Found a white marble altar of Elyvilon.
  2408 | D:3      | Noticed Natasha
  2424 | D:3      | Killed Natasha
  2671 | D:3      | Noticed Natasha
  2680 | D:3      | Killed Natasha
  2697 | D:3      | Noticed Natasha
  2707 | D:3      | HP: 2/47 [Natasha (6)]
  2708 | D:3      | Slain by a kobold

Skill      XL: |  1  2  3  4 |
---------------+-------------+-----
Dodging        | 3 |  3.8
Fighting       | 4 |  4.6
Spellcasting   | 1 |  1.5
Long Blades    | |  2.8
Shields        | |  3.9

Action                   |  1- 3 |  4- 6 || total
-------------------------+-------+-------++-------
Melee: Long sword        |   105 |   132 ||   237
       Tailslap          |    10 |    11 ||    21
  Eat: Bread ration      |     1 |     1 ||     2
Armor: Skin              |    28 |    43 ||    71
Dodge: Dodged            |    57 |    68 ||   125
Block: Shield            |    69 |    72 ||   141
